 Dungeon Crawl Stone Soup version 0.16.0-12-g7215832 (webtiles) character file.

703 Sorcv the Covert (level 7, -2/36 HPs)
             Began as a Kobold Enchanter on Mar 18, 2015.
             Killed from afar by an orc (13 damage)
             ... with a wand of cold
             ... on level 5 of the Dungeon.
             The game lasted 00:16:20 (3005 turns).

Sorcv the Covert (Kobold Enchanter)                 Turns: 3005, Time: 00:16:20

Health: -2/36      AC:  5    Str:  6    XL:     7   Next: 99%
Magic:  13/13      EV: 16    Int: 13    God:
Gold:   236        SH:  0    Dex: 17    Spells: 4 memorised, 1 level left

rFire  + . .     SeeInvis .     f - +2 short sword (venom)
rCold  . . .     Clarity  .     b - +2 robe
rNeg   . . .     SustAb   .     (no shield)
rPois  .         Gourm    .     p - +0 helmet
rElec  .         Spirit   .     (no cloak)
rCorr  .         Warding  .     (no gloves)
rMut   .         Stasis   .     (no boots)
MR     .....                    (no amulet)
Stlth  +++++.....               t - ring of protection from fire
                                i - ring of flight

@: not resistant to hostile enchantments, quite stealthy
A: carnivore 3, clumsy 1, high mp 1, placid magic 1
a: Evoke Flight


You were on level 5 of the Dungeon.
You were not hungry.

You visited 1 branch of the dungeon, and saw 5 of its levels.

You collected 236 gold pieces.

Inventory:

Hand weapons
 a - a +1 dagger
 f - a +2 short sword of venom (weapon)
Missiles
 j - a throwing net (quivered)
Armour
 b - a +2 robe (worn)
 p - a +0 helmet (worn)
Jewellery
 i - a ring of flight (left hand)
 t - a ring of protection from fire (right hand)
Magical devices
 m - a wand of magic darts (32)
 n - a wand of disintegration (20)
 r - a wand of flame (28)
Scrolls
 g - 4 scrolls of teleportation
 k - 3 scrolls of identify
 v - a scroll of recharging
Potions
 e - a potion of degeneration
 h - a potion of magic
 l - a potion of cure mutation
 q - a potion of curing
 s - a potion of experience {unknown}
 u - a potion of might
Books
 c - a book of Maledictions

   Spells                             Type                      Level
   a - Corona                         Hexes                        1
   b - Sure Blade                     Hexes/Charms                 2
   c - Ensorcelled Hibernation        Hexes/Ice                    2
   d - Confuse                        Hexes                        3
   e - Dazzling Spray                 Conjuration/Hexes            3
   f - Enslavement                    Hexes                        4
Comestibles
 d - 4 meat rations
 o - a royal jelly


   Skills:
 + Level 2.1 Short Blades
 + Level 2.8 Dodging
 * Level 10.3 Stealth
 - Level 2.0 Spellcasting
 - Level 4.0 Hexes
 - Level 3.0 Ice Magic


You had one spell level left.
You knew the following spells:

 Your Spells              Type           Power        Failure   Level  Hunger
a - Corona                Hex            #......      2%          1    ##.....
b - Ensorcelled Hibernat  Hex/Ice        #.....       4%          2    ###....
c - Confuse               Hex            #.......     7%          3    ####...
d - Dazzling Spray        Conj/Hex       #.......     21%         3    ####...


Dungeon Overview and Level Annotations

Branches:
Dungeon (5/15)
 Temple: D:4-7

Altars:
Dithmenos
Elyvilon
Fedhas
Nemelex Xobeh
Okawaru
Ru
Trog
The Shining One


Innate Abilities, Weirdness & Mutations

You are small and have problems with some larger weapons.
You are carnivorous and can eat meat at any time.
You are clumsy. (Dex -2)
You have an increased reservoir of magic (+10% MP).
Your spells are a little easier to cast, but a little less powerful.


Message History

* * * LOW HITPOINT WARNING * * *
It is a wand of cold.
You are too injured to fight recklessly!
You are too injured to fight recklessly!
You hit the orc.
The orc is poisoned.
The orc is moderately wounded.
The orc misses you.
You barely miss the orc. The orc closely misses you.
The orc zaps a wand.
The bolt of cold misses you.
You hit the orc.
The orc is poisoned.
The orc is heavily wounded.
The orc hits you but does no damage.
The orc zaps a wand.
The bolt of cold misses you.
You hit the orc wizard but do no damage.
The orc wizard is poisoned.
The orc misses you.
The orc zaps a wand.
The bolt of cold misses you. The orc wizard misses you.
You barely miss the orc wizard.
The orc wizard is lightly wounded.
The orc closely misses you.
The orc zaps a wand.
The bolt of cold hits you!
You die...

.......5..5...._.....
.#####(..##.##...##.#
.# ##[ #.###.###.#
..# # #.###.###.# .#
#.........# .
..#####.######
#...........#
##.....o)...##
#......o@..##
.......oo..#
!#........#
##........#
........##..
....#.### ### ....#
...


You could see an orc wizard and 3 orcs.

Vanquished Creatures
  A centaur (D:3)
  A scorpion (D:5)
  2 crimson imps (D:5)
  3 orc priests
  5 orc wizards
  Robin (D:3)
  9 gnolls
  7 adders
  2 shadow imps (D:5)
  A worm (D:2)
  3 giant geckos
  2 oozes
  15 orcs
  A bat zombie (D:5)
  A giant cockroach (D:3)
  13 goblins
  12 hobgoblins
  15 jackals
  A ball python (D:1)
  2 bats
  2 giant newts
  11 kobolds
  6 rats
116 creatures vanquished.

Notes
Turn   | Place    | Note
--------------------------------------------------------------
     0 | D:1      | Sorcv, the Kobold Enchanter, began the quest for the Orb.
     0 | D:1      | Reached XP level 1. HP: 10/10 MP: 3/3
   124 | D:1      | Reached XP level 2. HP: 7/15 MP: 4/4
   178 | D:1      | Learned a level 2 spell: Ensorcelled Hibernation
   320 | D:1      | Reached skill level 5 in Stealth
   349 | D:1      | Reached XP level 3. HP: 10/19 MP: 6/6
   426 | D:2      | Found a sacrificial altar of Ru.
   585 | D:2      | Learned a level 3 spell: Confuse
   612 | D:2      | Reached XP level 4. HP: 8/24 MP: 7/7
   614 | D:2      | Reached skill level 6 in Stealth
   787 | D:3      | Reached XP level 5. HP: 5/28 MP: 0/9
   792 | D:3      | Gained mutation: You have an increased reservoir of magic (+10% MP). [potion of mutation]
   792 | D:3      | Gained mutation: You are clumsy. (Dex -2) [potion of mutation]
   792 | D:3      | Gained mutation: Your spells are a little easier to cast, but a little less powerful. [potion of mutation]
   893 | D:3      | Reached skill level 7 in Stealth
  1069 | D:3      | Reached XP level 6. HP: 9/32 MP: 11/11
  1240 | D:3      | Noticed Robin
  1241 | D:3      | Reached skill level 1 in Ice Magic
  1262 | D:3      | Reached skill level 8 in Stealth
  1268 | D:3      | Killed Robin
  1324 | D:3      | Noticed a centaur
  1328 | D:3      | Killed a centaur
  1458 | D:3      | Reached XP level 7. HP: 28/36 MP: 13/13
  1676 | D:4      | Found a sparkling altar of Nemelex Xobeh.
  2047 | D:4      | Reached skill level 9 in Stealth
  2095 | D:4      | Found an iron altar of Okawaru.
  2131 | D:4      | Found a bloodstained altar of Trog.
  2150 | D:4      | Found a shadowy altar of Dithmenos.
  2153 | D:4      | Found a glowing golden altar of the Shining One.
  2192 | D:5      | Entered Level 5 of the Dungeon
  2215 | D:5      | Found a white marble altar of Elyvilon.
  2317 | D:5      | Learned a level 3 spell: Dazzling Spray
  2871 | D:5      | Reached skill level 10 in Stealth
  2960 | D:5      | Found a blossoming altar of Fedhas.
  3005 | D:5      | Killed from afar by an orc

Action                   |  1- 3 |  4- 6 |  7- 9 || total
-------------------------+-------+-------+-------++-------
Melee: Dagger            |    48 |       |       ||    48
       Short sword       |    17 |   105 |   109 ||   231
 Cast: Ensorcelled Hiber |     4 |    16 |     1 ||    21
       Corona            |     1 |       |       ||     1
  Use: Potion            |     2 |     5 |     3 ||    10
       Scroll            |       |     3 |     7 ||    10
 Stab: Sleeping          |     7 |     9 |     6 ||    22
  Eat: Chunk             |     7 |     4 |       ||    11
